 Dungeon Crawl Stone Soup version 0.28.0-43-g3370ac3207 (webtiles) character file.

Game seed: 8539744519502268075

115129 Ablot the Thaumaturge (level 16, -14/127 HPs)
             Began as a Gnoll Warper on Mar 5, 2022.
             Was the Champion of the Shining One.
             Succumbed to a redback's poison
             ... on level 1 of the Spider Nest on Mar 6, 2022.
             The game lasted 02:12:43 (26235 turns).

Ablot the Thaumaturge (Gnoll Warper)               Turns: 26235, Time: 02:12:44

Health: -14/127    AC: 17    Str: 18    XL:     16   Next: 67%
Magic:  26/32      EV: 17    Int: 13    God:    the Shining One [******]
Gold:   2095       SH: 14    Dex: 14    Spells: 11/39 levels left

rFire   . . .      SeeInvis .   Y - +5 spear of Sudden Death {venom, Fly rElec Int-4 Dex+3}
rCold   + . .      Faith    .   W - +2 buckler
rNeg    + + +      Spirit   .   V - +2 robe {Will+}
rPois   +          Reflect  +   r - +2 helmet {Int+3}
rElec   +          Harm     .   g - +2 cloak {rC+}
rCorr   .          Rampage  .   (no gloves)
Will    ++...                   p - +0 pair of boots
Stlth   ++........              F - amulet of reflection
HPRegen 0.31/turn               Q - ring of poison resistance
MPRegen 0.23/turn               X - +4 ring of protection

@: lethally poisoned (-14 -> -106), flying, glowing
A: fangs 1, strong nose, distributed training
a: Renounce Religion, Divine Shield, Cleansing Flame, Summon Divine Warrior,
Brand Weapon With Holy Wrath


You were on level 1 of the Spider Nest.
You worshipped the Shining One.
The Shining One was exalted by your worship.
You visited 5 branches of the dungeon, and saw 25 of its levels.
You also visited: Sewer and Ice Cave.

You collected 2851 gold pieces.
You spent 756 gold pieces at shops.

Inventory:

Hand Weapons
 e - the +3 Elemental Staff {rElec rF++ rC++ AC+5}
   (You found it on level 3 of the Dungeon)

   If the wielder is skilled in Evocations, they can discharge powerful blasts
   of elemental energy when striking with it.
   It enhances your fire, ice, earth and air magic.
   AC:        It affects your AC (+5).
   rF:        It greatly protects you from fire.
   rC:        It greatly protects you from cold.
   rElec:     It insulates you from electricity.
 s - the +7 Singing Sword {vorpal, sonic wave}
   (You found it on level 9 of the Dungeon)

   It inflicts extra damage upon your enemies.
   It radiates damaging sonic waves as it strikes, especially in combat
   involving dangerous or numerous foes.
 Y - the +5 spear of Sudden Death (weapon) {venom, Fly rElec Int-4 Dex+3}
   (You found it on level 2 of the Lair of Beasts)

   It poisons the flesh of those it strikes.
   Int:       It affects your intelligence (-4).
   Dex:       It affects your dexterity (+3).
   rElec:     It insulates you from electricity.
   Fly:       It grants you flight.
Missiles
 k - 572 arrows
 q - 7 curare-tipped darts
 u - 6 javelins
 v - 24 poisoned darts (quivered)
 y - 705 stones
 E - 161 sling bullets
 N - 188 bolts
Armour
 g - a +2 cloak of cold resistance (worn)
 p - a +0 pair of boots (worn)
 r - a +2 helmet of intelligence (worn)
 V - a +2 robe of willpower (worn)
 W - a +2 buckler (worn)
Jewellery
 A - a +4 ring of evasion
 B - a ring of resist corrosion
 F - an amulet of reflection (around neck)
 Q - a ring of poison resistance (left hand)
 X - a +4 ring of protection (right hand)
Wands
 a - a wand of charming (7)
 x - a wand of digging (7)
 z - a wand of flame (92)
 D - a wand of iceblast (20)
 K - a wand of acid (18)
 P - a wand of paralysis (17)
 U - a wand of mindburst (14)
Scrolls
 b - a scroll of amnesia
 c - a scroll of blinking
 h - a scroll of summoning
 i - a scroll of enchant armour
 j - 16 scrolls of teleportation
 m - 2 scrolls of fog
 o - 5 scrolls of identify
 I - 2 scrolls of magic mapping
 L - 2 scrolls of fear
 M - 4 scrolls of vulnerability
 O - 2 scrolls of silence
 T - 4 scrolls of enchant weapon
Potions
 d - 3 potions of berserk rage
 f - 4 potions of might
 l - 5 potions of ambrosia
 n - 8 potions of curing
 t - 5 potions of cancellation
 w - 7 potions of heal wounds
 C - 2 potions of brilliance
 G - a potion of magic
 H - 5 potions of attraction
 J - 7 potions of lignification
 R - 3 potions of mutation
 S - 3 potions of haste
Miscellaneous
 Z - a lightning rod (4/4)


   Skills:
 + Level 12.0 Fighting
 + Level 11.1 Short Blades
 + Level 11.1 Long Blades
 + Level 11.1 Axes
 + Level 11.1 Maces & Flails
 + Level 12.0 Polearms
 + Level 11.1 Staves
 + Level 11.1 Slings
 + Level 11.1 Bows
 + Level 11.1 Crossbows
 + Level 11.4 Throwing
 + Level 11.4 Armour
 + Level 12.0 Dodging
 + Level 11.1 Stealth
 + Level 11.1 Shields
 + Level 11.1 Unarmed Combat
 + Level 12.1 Spellcasting
 + Level 9.3 Conjurations
 + Level 9.3 Hexes
 + Level 9.3 Summonings
 + Level 9.3 Necromancy
 + Level 10.8 Translocations
 + Level 9.3 Transmutations
 + Level 9.3 Fire Magic
 + Level 9.3 Ice Magic
 + Level 9.3 Air Magic
 + Level 9.3 Earth Magic
 + Level 9.3 Poison Magic
 + Level 12.0 Invocations
 + Level 11.1 Evocations


You had 11 spell levels left.
You knew the following spells:

 Your Spells              Type           Power      Damage    Failure   Level
a - Blink                 Tloc           72%        N/A       1%          2
b - Gell's Gravitas       Tloc           36%        N/A       1%          3
c - Frozen Ramparts       Ice            64%        1d8       1%          3
d - Tukima's Dance        Hex            32%        N/A       1%          3
e - Mephitic Cloud        Conj/Pois/Air  32%        N/A       1%          3
f - Passwall              Tmut/Erth      26%        N/A       1%          2
g - Ozocubu's Armour      Ice            32%        N/A       1%          3
h - Summon Ice Beast      Ice/Summ       32%        N/A       2%          4
i - Sting                 Tmut/Pois      100%       1d8       1%          1
j - Olgreb's Toxic Radia  Pois           32%        N/A       2%          4

Your spell library contained the following spells:

 Spells                   Type           Power      Damage    Failure   Level
 Magic Dart               Conj           100%       1d8       1%          1
 Sandblast                Erth           64%        2d14      1%          1
 Ensorcelled Hibernation  Hex/Ice        64%        N/A       1%          2
 Poisonous Vapours        Pois/Air       64%        N/A       1%          2
 Searing Ray              Conj           64%        2d6       1%          2
 Static Discharge         Conj/Air       32%        N/A       1%          2
 Ignite Poison            Fire/Tmut/Pois 32%        N/A       1%          3
 Lesser Beckoning         Tloc           36%        N/A       1%          3
 Spider Form              Tmut/Pois      32%        N/A       1%          3
 Stone Arrow              Conj/Erth      64%        3d11      1%          3
 Teleport Other           Tloc           36%        N/A       1%          3
 Iskenderun's Mystic Bla  Conj/Tloc      34%        2d8       1%          4
 Passage of Golubria      Tloc           36%        N/A       1%          4
 Anguish                  Hex/Necr       16%        N/A       2%          4
 Dispel Undead            Necr           32%        3d14      2%          4
 Fulminant Prism          Conj/Hex       16%        3d11      2%          4
 Hailstorm                Conj/Ice       32%        3d8       2%          4
 Ice Form                 Ice/Tmut       32%        N/A       2%          4
 Sticky Flame             Conj/Fire      32%        2d5       2%          4
 Manifold Assault         Tloc           36%        N/A       3%          5
 Freezing Cloud           Conj/Ice/Air   16%        6-21      6%          5
 Iskenderun's Battlesphe  Conj           32%        2d8       6%          5
 Lightning Bolt           Conj/Air       16%        1d30      6%          5
 Metabolic Englaciation   Hex/Ice        16%        N/A       6%          5
 Dispersal                Tloc           18%        N/A       19%         6
 Iron Shot                Conj/Erth      16%        9d4       34%         6
 Simulacrum               Ice/Necr       16%        N/A       34%         6
 Enfeeble                 Hex            16%        N/A       89%         7
 Spellforged Servitor     Conj/Summ      16%        N/A       89%         7
 Disjunction              Tloc           18%        N/A       100%        8
 Maxwell's Capacitive Co  Air            16%        ∞         100%        8


Dungeon Overview and Level Annotations

Branches:
Dungeon (15/15)            Temple (1/1) D:6            Lair (6/6) D:9
 Shoals (0/4) Lair:3       Spider (1/4) Lair:2        Slime (0/5) Lair:5
    Orc (2/2) D:9             Elf (0/3) Orc:2        Vaults (0/5) D:14
 Depths (0/4) D:15          Sewer (visited)           IceCv (visited)

Altars:
Ashenzari
Cheibriados
Dithmenos
Elyvilon
Fedhas
Gozag
Hepliaklqana
Kikubaaqudgha
Makhleb
Nemelex Xobeh
Okawaru
Qazlal
Ru
Sif Muna
Trog
Uskayaw
Vehumet
Wu Jian
Xom
Yredelemnul
Zin
The Shining One

Shops:
D:3 (   D:6 =[:!   D:7 [   D:13 *   D:14 ([   Orc:1 =   Orc:2 :**(

Annotations:
Spider:1 Frances
Orc:1 2 transporters, LetschGu's ghost, journeyman SpAM


Innate Abilities, Weirdness & Mutations

You have very sharp teeth.
Your uncanny sense of smell can sniff out nearby items.
Your experience applies equally to all skills.


Message History

You block the ice devil's attack.
The wall freezes the redback.
You block the redback's attack.
You feel much better.
The frozen ramparts melt away.
The ice devil stops moving altogether!
Frances hits you with a +0 broad axe!
* * * LOW HITPOINT WARNING * * *
The tarantella completely misses you. You block the soul eater's attack.
The redback bites you but does no damage.
Frances whispers indecipherable words.
The torpor snail bites you.
* * * LOW HITPOINT WARNING * * *
The tarantella misses you. You block the soul eater's attack.
The redback bites you but does no damage.
Frances completely misses you.
Unknown command.
Casting: Olgreb's Toxic Radiance (mildly dangerous; 2% risk of failure)
Confirm with . or Enter, or press ? or * to list all spells.
Your icy armour will break if you move.
Continue?
Uppercase [Y]es or [N]o only, please.
Your icy armour will break if you move.
Continue?
You blink.
Your icy armour cracks and falls away as you move.
A tarantella comes into view.
The jumping spider leaps!
Unknown command.
Okay, then.
Blink to where?
Press: ? - help, Dir - move target
As you read the scroll of blinking, it crumbles to dust.
You feel stable enough to blink again.
You kill the jumping spider!
You kill the torpor snail!
You block the tarantella's attack. The redback bites you.
* * * LOW HITPOINT WARNING * * *
You are lethally poisoned!
The redback poisons you! The red devil completely misses you.
The redback bites you!
* * * LOW HITPOINT WARNING * * *
You are more poisoned.
The redback poisons you! You block the red devil's attack.
You feel yourself speed up.
You die...

## #####.#
##....#
##....# .#
#^34..# .
#.4.# .#
##@s.#
#.###@s##..s..
#.........#.#s
#...........#
∆
#...........#
#...........#
#............
#...).......#
#...........#
#.s.......


You could see Frances (fast, empowered, poisoned), an ice devil (summoned,
petrified), a red devil (summoned), a tarantella and a redback.

Vanquished Creatures
  Kirke (D:14)
  Snorg (Lair:4)
  An ettin (D:14)
  Erolcha (D:9)
  3 boulder beetles
  3 catoblepae
  6 centaur warriors
  9 hydras
  2 tengu warriors
  9 two-headed ogres
  5 death yaks
  A deep troll shaman (Lair:6)
  7 orc high priests
  Urug (D:12)
  Sonja (Lair:5)
  A deep troll (D:15)
  3 harpies (D:15)
  5 deep elf pyromancers
  3 orc knights
  A mana viper (shapeshifter) (D:10)
  19 ugly things
  7 manticores
  3 orc sorcerers
  An oklob plant (Lair:3)
  16 elephants
  6 cyclopes
  2 ice statues (IceCv)
  9 black mambas
  3 torpor snails
  12 cane toads
  2 kobold demonologists (D:10)
  11 komodo dragons
  3 tengu conjurers
  An efreet (D:14)
  2 rime drakes (Lair:4)
  7 trolls
  Grinder (D:4)
  6 meliai
  A queen bee (shapeshifter) (D:13)
  A tarantella (Spider:1)
  A polar bear (D:14)
  A queen bee (Lair:4)
  Prince Ribbit (D:7)
  15 dream sheep (Lair:6)
  18 slime creatures
  21 blink frogs
  A jumping spider (Spider:1)
  5 centaur simulacra
  A dire elephant simulacrum (IceCv)
  A culicivora (Spider:1)
  12 wyverns
  3 shadows
  4 wraiths
  A wyvern (shapeshifter) (D:10)
  4 hogs (D:14)
  52 yaks
  Grum (D:8)
  A vampire (D:14)
  4 basilisks
  16 humans (D:14)
  Eustachio (D:5)
  A redback (Lair:2)
  10 vampire mosquitoes
  4 wargs
  Menkaure (D:6)
  5 steam dragons
  A harpy simulacrum (IceCv)
  Edmund (D:5)
  18 water moccasins
  An acid dragon (D:10)
  A black bear (shapeshifter) (D:11)
  4 black bears
  Pargi (Sewer)
  3 ice beasts
  5 ogres
  2 sky beasts
  21 wolves
  35 orc warriors
  6 centaurs
  A phantom (D:7)
  2 kobold brigands (D:10)
  13 bullfrogs
  8 scorpions
  2 gnoll sergeants
  A wight (D:10)
  37 killer bees
  An electric eel (D:14)
  3 centaur zombies
  11 howler monkeys
  3 bullfrog skeletons
  7 hounds
  5 jellies
  A gnoll shaman (D:8)
  32 orc priests
  Terence (D:2)
  3 iguanas
  36 orc wizards
  A polar bear simulacrum (IceCv)
  A wolf simulacrum (IceCv)
  2 hound skeletons (D:4)
  2 howler monkey zombies (D:5)
  Robin (D:3)
  13 gnolls
  15 adders
  2 river rats (D:3)
  A shadow imp (D:7)
  3 white imps
  An ufetubus (D:6)
  A worm (D:3)
  3 dart slugs
  90 orcs
  7 endoplasms
  3 giant cockroaches
  13 goblins
  10 hobgoblins
  7 jackals
  8 kobolds
  3 quokkas
  7 ball pythons
  15 bats
  4 frilled lizards
  A quokka skeleton (D:4)
  3 rats
845 creatures vanquished.

Vanquished Creatures (others)
  Nessos (D:14)
  A centaur (D:15)
  A killer bee (Lair:4)
  An orc priest (Orc:2)
  A gnoll (D:4)
  A bush (Lair:3)
  37 fungi
  68 plants
  4 toadstools (D:13)
115 creatures vanquished.

Grand Total: 960 creatures vanquished

Notes
Turn   | Place    | Note
-------+----------+-------------------------------------------
     0 | D:1      | Ablot the Gnoll Warper began the quest for the Orb.
     0 | D:1      | Reached XP level 1. HP: 20/20 MP: 6/6
   339 | D:1      | Reached XP level 2. HP: 15/26 MP: 7/7
   512 | D:1      | Learned a level 2 spell: Blink
   850 | D:1      | Found a faded altar of an unknown god.
   862 | D:1      | Reached XP level 3. HP: 31/31 MP: 9/9
   889 | D:1      | Reached skill level 5 in Spellcasting
  1053 | D:1      | Reached skill level 1 in Invocations
  1548 | D:2      | Found a white marble altar of Elyvilon.
  1559 | D:2      | Became a worshipper of Elyvilon the Healer
  1714 | D:2      | Reached skill level 1 in Short Blades
  1714 | D:2      | Reached skill level 1 in Long Blades
  1714 | D:2      | Reached skill level 1 in Axes
  1714 | D:2      | Reached skill level 1 in Maces & Flails
  1714 | D:2      | Reached skill level 1 in Staves
  1714 | D:2      | Reached skill level 1 in Slings
  1714 | D:2      | Reached skill level 1 in Bows
  1714 | D:2      | Reached skill level 1 in Crossbows
  1714 | D:2      | Reached skill level 1 in Stealth
  1714 | D:2      | Reached skill level 1 in Shields
  1714 | D:2      | Reached skill level 1 in Unarmed Combat
  1714 | D:2      | Reached skill level 1 in Evocations
  1754 | D:2      | Reached XP level 4. HP: 38/38 MP: 11/11
  1997 | D:2      | Reached * piety under Elyvilon
  1999 | D:2      | Noticed Terence
  2017 | D:2      | Killed Terence
  2018 | D:2      | Reached skill level 1 in Conjurations
  2018 | D:2      | Reached skill level 1 in Hexes
  2018 | D:2      | Reached skill level 1 in Summonings
  2018 | D:2      | Reached skill level 1 in Necromancy
  2018 | D:2      | Reached skill level 1 in Transmutations
  2018 | D:2      | Reached skill level 1 in Fire Magic
  2018 | D:2      | Reached skill level 1 in Ice Magic
  2018 | D:2      | Reached skill level 1 in Air Magic
  2018 | D:2      | Reached skill level 1 in Earth Magic
  2018 | D:2      | Reached skill level 1 in Poison Magic
  2782 | D:3      | Found Igism's Weapon Boutique.
  2847 | D:3      | Noticed Robin
  2865 | D:3      | Reached XP level 5. HP: 38/43 MP: 12/12
  2893 | D:3      | Killed Robin
  3133 | D:3      | Found a glowing drain.
  3154 | Sewer    | Entered a sewer
  3270 | Sewer    | Noticed Pargi
  3292 | Sewer    | Killed Pargi
  3293 | Sewer    | Reached XP level 6. HP: 12/50 MP: 13/13
  3912 | D:3      | Reached ** piety under Elyvilon
  3925 | D:3      | Reached skill level 5 in Fighting
  3925 | D:3      | Reached skill level 5 in Polearms
  3925 | D:3      | Reached skill level 5 in Dodging
  4023 | D:3      | Found the +3 Elemental Staff {rElec rF++ rC++ AC+5}
  4143 | D:4      | Found a sparkling altar of Nemelex Xobeh.
  4275 | D:4      | Noticed an orc warrior
  4383 | D:4      | Reached XP level 7. HP: 37/56 MP: 15/15
  4711 | D:4      | Found a hide-covered altar of Uskayaw.
  4712 | D:4      | Found an opulent altar of Gozag.
  5019 | D:5      | Entered Level 5 of the Dungeon
  5050 | D:5      | Noticed Edmund
  5050 | D:5      | Noticed Eustachio
  5162 | D:5      | Reached XP level 8. HP: 63/63 MP: 16/16
  5528 | D:5      | Noticed Grinder
  5650 | D:5      | Killed Edmund
  5673 | D:5      | Paralysed by Grinder for 3 turns
  5710 | D:4      | Paralysed by Grinder for 7 turns
  5722 | D:4      | Paralysed by Grinder for 2 turns
  5732 | D:4      | Killed Grinder
  5807 | D:5      | Killed Eustachio
  5962 | D:5      | Reached *** piety under Elyvilon
  6021 | D:6      | Found Haevy Zipa's Book Emporium.
  6067 | D:6      | Found Liuduaw's Antique Armour Emporium.
  6091 | D:6      | Found a white marble altar of Elyvilon.
  6114 | D:6      | Found a staircase to the Ecumenical Temple.
  6122 | Temple   | Entered the Ecumenical Temple
  6413 | D:6      | Found a blossoming altar of Fedhas.
  6455 | D:6      | Reached XP level 9. HP: 50/69 MP: 18/18
  6573 | D:6      | Found a glowing golden altar of the Shining One.
  6598 | D:6      | Fell from the grace of Elyvilon
  6598 | D:6      | Became a worshipper of the Shining One
  6598 | D:6      | Reached * piety under the Shining One
  6603 | D:6      | Noticed Menkaure
  6603 | D:6      | Noticed a troll
  6612 | D:6      | Killed Menkaure
  6614 | D:6      | Killed a troll
  6647 | D:6      | Found Vedit's Distillery.
  6664 | D:6      | Bought a potion of degeneration for 15 gold pieces
  6664 | D:6      | Bought a potion of heal wounds for 75 gold pieces
  6664 | D:6      | Bought a potion of might for 60 gold pieces
  6839 | D:6      | Found a sacrificial altar of Ru.
  7119 | D:6      | Found Cinequet's Jewellery Shoppe.
  7324 | D:7      | Reached skill level 5 in Throwing
  7324 | D:7      | Reached skill level 5 in Armour
  7412 | D:7      | Noticed Prince Ribbit
  7423 | D:7      | Killed Prince Ribbit
  7604 | D:7      | Reached skill level 5 in Invocations
  7753 | D:7      | Found Tapanylog's Antique Armour Shop.
  7844 | D:7      | Reached ** piety under the Shining One
  7859 | D:7      | Found a shadowy altar of Dithmenos.
  7860 | D:7      | Found a hazy altar of Hepliaklqana.
  8011 | D:7      | Reached XP level 10. HP: 73/77 MP: 20/20
  8119 | D:7      | Reached skill level 5 in Short Blades
  8119 | D:7      | Reached skill level 5 in Long Blades
  8119 | D:7      | Reached skill level 5 in Axes
  8119 | D:7      | Reached skill level 5 in Maces & Flails
  8119 | D:7      | Reached skill level 5 in Staves
  8119 | D:7      | Reached skill level 5 in Slings
  8119 | D:7      | Reached skill level 5 in Bows
  8119 | D:7      | Reached skill level 5 in Crossbows
  8119 | D:7      | Reached skill level 5 in Stealth
  8119 | D:7      | Reached skill level 5 in Shields
  8119 | D:7      | Reached skill level 5 in Unarmed Combat
  8119 | D:7      | Reached skill level 5 in Evocations
  8205 | D:8      | Noticed Grum
  8221 | D:8      | Killed Grum
  8262 | D:8      | Learned a level 3 spell: Gell's Gravitas
  8374 | D:8      | Found a glowing silver altar of Zin.
  8787 | D:9      | Noticed Erolcha
  8800 | D:9      | Killed Erolcha
  8860 | D:9      | Found a staircase to the Lair.
  8982 | D:9      | Reached XP level 11. HP: 68/81 MP: 22/22
  9071 | D:9      | Reached *** piety under the Shining One
  9161 | D:9      | Found a staircase to the Orcish Mines.
  9318 | D:9      | Found a broken altar of Ashenzari.
  9337 | D:9      | Reached skill level 5 in Conjurations
  9337 | D:9      | Reached skill level 5 in Hexes
  9337 | D:9      | Reached skill level 5 in Summonings
  9337 | D:9      | Reached skill level 5 in Necromancy
  9337 | D:9      | Reached skill level 5 in Transmutations
  9337 | D:9      | Reached skill level 5 in Fire Magic
  9337 | D:9      | Reached skill level 5 in Ice Magic
  9337 | D:9      | Reached skill level 5 in Air Magic
  9337 | D:9      | Reached skill level 5 in Earth Magic
  9337 | D:9      | Reached skill level 5 in Poison Magic
  9581 | D:9      | Found the +7 Singing Sword {vorpal, sonic wave}
  9719 | D:10     | Entered Level 10 of the Dungeon
  9840 | D:10     | Found a burning altar of Makhleb.
 10022 | D:10     | Noticed a manticore
 10025 | D:10     | Noticed a boulder beetle
 10047 | D:10     | Killed a manticore
 10052 | D:10     | Noticed a manticore
 10058 | D:10     | Noticed an orc knight
 10065 | D:10     | Killed a manticore
 10079 | D:10     | Killed a boulder beetle
 10091 | D:10     | Killed an orc knight
 10147 | D:10     | Noticed a mana viper
 10147 | D:10     | a culicivora changed into a mana viper
 10156 | D:10     | Killed a mana viper
 10157 | D:10     | Noticed a cyclops
 10179 | D:10     | Killed a cyclops
 10185 | D:10     | Reached **** piety under the Shining One
 10478 | D:10     | Found a stormy altar of Qazlal.
 10616 | D:10     | Reached XP level 12. HP: 91/93 MP: 21/24
 11213 | D:11     | Noticed a two-headed ogre
 11230 | D:11     | Killed a two-headed ogre
 11349 | D:11     | Learned a level 3 spell: Frozen Ramparts
 11353 | D:11     | Learned a level 3 spell: Tukima's Dance
 11447 | D:11     | Noticed a two-headed ogre
 11459 | D:11     | Killed a two-headed ogre
 11867 | D:12     | Noticed a two-headed ogre
 11867 | D:12     | Noticed a boulder beetle
 11874 | D:11     | Killed a two-headed ogre
 11931 | D:11     | Killed a boulder beetle
 12045 | D:12     | Noticed Urug
 12049 | D:12     | Killed Urug
 12378 | D:12     | Noticed a seven-headed hydra
 12383 | D:12     | Killed a seven-headed hydra
 12384 | D:12     | Reached XP level 13. HP: 101/101 MP: 26/26
 13073 | D:13     | Learned a level 3 spell: Mephitic Cloud
 13209 | D:13     | You fall into a shaft and drop 1 floor!
 13560 | D:13     | Found Ytaehourph's General Store.
 13562 | D:13     | Found Qoeleogire's Specific Store.
 13572 | D:13     | Bought a scroll of fog for 22 gold pieces
 13712 | D:14     | Found Ocatadd Suni's Armour Shoppe.
 13775 | D:14     | Noticed Kirke
 13800 | D:14     | Killed Kirke
 13838 | D:14     | Reached ***** piety under the Shining One
 14095 | D:14     | Found Sutexkic's Antique Weapon Boutique.
 14332 | D:14     | Reached skill level 10 in Spellcasting
 14649 | D:14     | Found a gate to the Vaults.
 14649 | D:14     | Noticed Nessos
 14657 | D:14     | Killed Nessos
 14685 | D:14     | Reached skill level 10 in Fighting
 14685 | D:14     | Reached skill level 10 in Polearms
 14685 | D:14     | Reached skill level 10 in Dodging
 14818 | D:14     | Reached XP level 14. HP: 107/110 MP: 28/28
 15123 | D:15     | Entered Level 15 of the Dungeon
 15248 | D:15     | Reached skill level 10 in Invocations
 15418 | D:15     | Found a staircase to the Depths.
 15507 | D:15     | Found a shadowy altar of Dithmenos.
 16332 | Lair:1   | Entered Level 1 of the Lair of Beasts
 16390 | Lair:1   | Found a frozen archway.
 16409 | IceCv    | Entered an ice cave
 16427 | IceCv    | Found a transporter.
 16532 | IceCv    | Found a transporter.
 16570 | IceCv    | Got the Grimoire of Dislocated Envenoming
 16870 | Lair:1   | Reached skill level 10 in Throwing
 16870 | Lair:1   | Reached skill level 10 in Armour
 17577 | Lair:2   | Reached XP level 15. HP: 117/117 MP: 29/29
 17750 | Lair:2   | Identified the +5 spear of Sudden Death {venom, Fly rElec
                  | Int-4 Dex+3}
 18120 | Lair:2   | Found a hole to the Spider Nest.
 18867 | Lair:3   | Reached skill level 10 in Translocations
 19228 | Lair:3   | Reached skill level 10 in Short Blades
 19228 | Lair:3   | Reached skill level 10 in Long Blades
 19228 | Lair:3   | Reached skill level 10 in Axes
 19228 | Lair:3   | Reached skill level 10 in Maces & Flails
 19228 | Lair:3   | Reached skill level 10 in Staves
 19228 | Lair:3   | Reached skill level 10 in Slings
 19228 | Lair:3   | Reached skill level 10 in Bows
 19228 | Lair:3   | Reached skill level 10 in Crossbows
 19228 | Lair:3   | Reached skill level 10 in Stealth
 19228 | Lair:3   | Reached skill level 10 in Shields
 19228 | Lair:3   | Reached skill level 10 in Unarmed Combat
 19228 | Lair:3   | Reached skill level 10 in Evocations
 19248 | Lair:3   | Found a staircase to the Shoals.
 19890 | Lair:4   | Learned a level 2 spell: Passwall
 19927 | Lair:4   | Reached ****** piety under the Shining One
 20624 | Lair:4   | Learned a level 3 spell: Ozocubu's Armour
 20635 | Lair:4   | Noticed Snorg
 20667 | Lair:4   | Killed Snorg
 21586 | Lair:5   | Found a staircase to the Slime Pits.
 21772 | Lair:5   | Noticed Sonja
 21819 | Lair:5   | Killed Sonja
 22209 | Lair:6   | Entered Level 6 of the Lair of Beasts
 22270 | Lair:6   | Learned a level 4 spell: Summon Ice Beast
 22382 | Lair:6   | Reached XP level 16. HP: 126/126 MP: 26/31
 22733 | Lair:6   | Identified the +1 scale mail of a wizard's laboratory
                  | {rF++}
 23579 | Orc:1    | Entered Level 1 of the Orcish Mines
 23814 | Orc:1    | Found a transporter.
 23815 | Orc:1    | Noticed LetschGu's ghost (journeyman SpAM)
 23829 | Orc:1    | Found a transporter.
 23936 | Orc:1    | Found Vitorchic's Jewellery Shop.
 24430 | Orc:2    | Entered Level 2 of the Orcish Mines
 24949 | Orc:2    | Paralysed by an orc sorcerer for 6 turns
 25203 | Orc:2    | Found Lyloq's Assorted Antiques.
 25203 | Orc:2    | Found Yfeu's Weapon Emporium.
 25203 | Orc:2    | Found Bawy's Assorted Antiques.
 25206 | Orc:2    | Found Xytwohir's Book Shoppe.
 25419 | Orc:2    | Found a staircase to the Elven Halls.
 25743 | Orc:2    | Bought a scroll labelled MIBROE FYNI for 25 gold pieces
 25754 | Orc:2    | Bought a Young Poisoner's Handbook for 280 gold pieces
 25756 | Orc:2    | Learned a level 1 spell: Sting
 25762 | Orc:2    | Learned a level 4 spell: Olgreb's Toxic Radiance
 25916 | D:14     | Bought a +2 helmet of intelligence for 279 gold pieces
 26218 | Spider:1 | Entered Level 1 of the Spider Nest
 26218 | Spider:1 | Noticed Frances
 26235 | Spider:1 | Succumbed to a redback's poison

Illustrated notes

Levels and vault maps discovered:
D:1:      shiori_shiawase, layout_loops_ring, hellmonk_ecumenical_altar_blasted
D:2:      layout_basic, basic_altar, small_statue_intersection,
          grunt_decor_junction, minmay_strange_pillars,
          minmay_misc_feat_four_crosses, hangedman_decor_growths,
          wander_ebering_terrifying_dragon_lair, uniq_terence
D:3:      layout_basic, serial_shops, shop, portal_sewer_entry_b, uniq_robin
D:4:      layout_basic, nemelex_diamond_rough_becter, minitemple
D:5:      layout_rooms, serial_park_tiny_pond, uniq_edmund, uniq_grinder,
          uniq_eustachio
D:6:      layout_basic, kennysheep_mini_moat, old_standard_altar,
          mainiacjoe_overflow_boulevard, fedhas_bush_and_centaur_altar,
          minmay_temple_entry_proselytizer, serial_shops, nicolae_stop_n_shop_1,
          shop_fountains, nicolae_shop_advertising_works
          [nicolae_subvault_shop_adworks], shop, uniq_menkaure
D:7:      layout_basic, riverfiend_overflow_shadow_ancestor, serial_shops,
          nicolae_shop_crystal, uniq_prince_ribbit1
D:8:      layout_basic, nicolae_overflow_hidden_temple, uniq_grum
D:9:      old_forge, layout_cave_pools, nicolae_ashenzari_skybound,
          erik_lair_orcish_takeover, hiddenorc1_lemuel, grunt_ministairs_2,
          uniq_erolcha
D:10:     hangedman_cross_veins, layout_loops_corners, lemuel_crystal_altar,
          lemuel_coloured_pillars_altar, grunt_ministairs_11,
          grunt_decor_fettered
D:11:     layout_roguey
D:12:     layout_roguey, uniq_urug
D:13:     layout_irregular_city, minmay_gold_behind_fungi,
          nicolae_specific_store
D:14:     layout_basic, david_vaults_3, minmay_misc_feat_five, serial_ice,
          serial_ice_h, serial_ice_i, serial_ice_b, serial_ice_c, serial_shops,
          nicolae_shop_stone, nicolae_stop_n_shop_1, evilmike_minifort,
          uniq_kirke
D:15:     hangedman_depths_entry_civil_slaughter, layout_irregular_city,
          nicolae_dithmenos_shadow_blocks
Temple:   compressed_dpeg_triangle_lava_temple
Lair:1:   layout_long_grid, portal_ice_cave_entry_pillars_2
Lair:2:   wad_woods_structure_01, layout_regular_city,
          spider_nest_entry_funnel_web, hangedman_lair_generics_rect
Lair:3:   layout_regular_city, shoals_dummy_entry, guppyfry_lair_drakes
Lair:4:   regret_index_tunnel_blossom, layout_cave_shapes,
          serial_bayou_lagoon_a, st_stairs_9, nicolae_lair_yak_garden,
          uniq_snorg
Lair:5:   layout_cave_pods, minmay_slime_entry_pillars, lemuel_fruit_tree,
          uniq_sonja
Lair:6:   grunt_lair_end_beastmaster, layout_loops_ring, nicolae_lair_lil_pond
Spider:1: layout_chambers, gammafunk_ghost_arena,
          amcnicky_altar_lugonu_corruption, uniq_frances
Orc:1:    layout_caves, serial_shops, nicolae_shop_waterfront,
          gammafunk_ghost_stat_death
Orc:2:    st_orc_mages, layout_diamond_mine

Skill      XL: |  1  2  3  4  5  6  7  8  9 10 11 12 13 14 15 16 |
---------------+-------------------------------------------------+-----
Spellcasting   | 5 6 7 8 9 10 11 12 | 12.1
Invocations    | 1 2 3 4 5 6 7 8 9 10 11 12 | 12.0
Short Blades   | 1 2 3 4 5 6 7 8 9 10 11 | 11.1
Long Blades    | 1 2 3 4 5 6 7 8 9 10 11 | 11.1
Axes           | 1 2 3 4 5 6 7 8 9 10 11 | 11.1
Maces & Flails | 1 2 3 4 5 6 7 8 9 10 11 | 11.1
Staves         | 1 2 3 4 5 6 7 8 9 10 11 | 11.1
Slings         | 1 2 3 4 5 6 7 8 9 10 11 | 11.1
Bows           | 1 2 3 4 5 6 7 8 9 10 11 | 11.1
Crossbows      | 1 2 3 4 5 6 7 8 9 10 11 | 11.1
Stealth        | 1 2 3 4 5 6 7 8 9 10 11 | 11.1
Shields        | 1 2 3 4 5 6 7 8 9 10 11 | 11.1
Unarmed Combat | 1 2 3 4 5 6 7 8 9 10 11 | 11.1
Evocations     | 1 2 3 4 5 6 7 8 9 10 11 | 11.1
Conjurations   | 1 2 3 4 5 6 7 8 9 |  9.3
Hexes          | 1 2 3 4 5 6 7 8 9 |  9.3
Summonings     | 1 2 3 4 5 6 7 8 9 |  9.3
Necromancy     | 1 2 3 4 5 6 7 8 9 |  9.3
Transmutations | 1 2 3 4 5 6 7 8 9 |  9.3
Fire Magic     | 1 2 3 4 5 6 7 8 9 |  9.3
Ice Magic      | 1 2 3 4 5 6 7 8 9 |  9.3
Air Magic      | 1 2 3 4 5 6 7 8 9 |  9.3
Earth Magic    | 1 2 3 4 5 6 7 8 9 |  9.3
Poison Magic   | 1 2 3 4 5 6 7 8 9 |  9.3
Throwing       | 3 4 5 6 7 8 9 10 11 | 11.4
Armour         | 3 4 5 6 7 8 9 10 11 | 11.4
Fighting       | 5 6 7 8 9 10 11 12 | 12.0
Polearms       | 5 6 7 8 9 10 11 12 | 12.0
Dodging        | 5 6 7 8 9 10 11 12 | 12.0
Translocations | 6 7 8 9 10 | 10.8

Action                   |  1- 3 |  4- 6 |  7- 9 | 10-12 | 13-15 | 16-18 || total
-------------------------+-------+-------+-------+-------+-------+-------++-------
Melee: Spear             |    92 |       |       |       |    40 |   110 ||   242
       Bite              |    11 |    22 |    33 |   117 |   269 |    90 ||   542
       Punch             |     3 |     2 |     9 |    41 |       |       ||    55
       Dagger            |    59 |   141 |       |       |       |       ||   200
       Staff             |       |    55 |   324 |   590 |  1294 |   416 ||  2679
       Double sword      |       |       |       |    73 |    10 |    22 ||   105
       Unarmed           |       |       |       |       |    14 |       ||    14
Throw: Stone             |       |     3 |       |       |       |       ||     3
       Dart              |       |       |     2 |       |    19 |     3 ||    24
       Boomerang         |       |       |     2 |    10 |    28 |       ||    40
 Cast: Blink             |       |       |     1 |     1 |     5 |     3 ||    10
       Tukima's Dance    |       |       |       |     3 |       |       ||     3
       Frozen Ramparts   |       |       |       |     1 |    24 |    15 ||    40
       Mephitic Cloud    |       |       |       |       |     8 |       ||     8
       Ozocubu's Armour  |       |       |       |       |     3 |    14 ||    17
       Olgreb's Toxic Ra |       |       |       |       |       |     1 ||     1
Invok: Heal Other        |       |     3 |       |       |       |       ||     3
       Divine Shield     |       |       |     1 |     7 |     8 |       ||    16
Evoke: Wand              |       |       |     2 |     3 |     2 |       ||     7
  Use: Scroll            |       |       |       |    14 |    10 |     4 ||    28
       Potion            |       |       |       |       |       |     1 ||     1
 Stab: Sleeping          |       |     3 |     3 |       |       |       ||     6
Armor: Leather armour    |    37 |    14 |       |       |       |       ||    51
       Animal skin       |       |    11 |       |       |       |       ||    11
       Troll leather arm |       |    33 |   182 |   206 |   430 |   164 ||  1015
       Robe              |       |       |       |       |       |    12 ||    12
Dodge: Dodged            |    95 |   116 |   219 |   551 |   632 |   244 ||  1857
Block: Other             |       |       |    32 |   176 |       |       ||   208
       Reflection        |       |       |     2 |     2 |    12 |    12 ||    28
       Buckler           |       |       |       |     5 |   790 |   311 ||  1106
